 Dungeon Crawl Stone Soup version 0.15.2 (webtiles) character file.

62 Terandir the Skirmisher (level 3, -2/33 HPs)
             Began as a Minotaur Fighter on June 13, 2019.
             Slain by Terence
             ... wielding a +0 mace
              (3 damage)
             ... on Level 3 of the Dungeon.
             The game lasted 00:03:33 (1569 turns).

Terandir the Skirmisher (Minotaur Fighter)          Turns: 1569, Time: 00:03:34

HP  -2/33        AC 10     Str 20      XL: 3   Next: 85%
MP   2/2         EV  5     Int  5      God:
Gold 125         SH 10     Dex 10      Spells:  0 memorised,  3 levels left

rFire  . . .     SeeInvis .     a - +0 war axe
rCold  . . .     Clarity  .     i - +0 chain mail
rNeg   . . .     rCorr    .     c - +1 shield
rPois  .         rRot     .     (helmet restricted)
rElec  .         Spirit   .     (no cloak)
SustAb .         Warding  .     j - +0 pair of gloves
rMut   .         Stasis   .     (no boots)
Gourm  .                        (no amulet)
MR     .....                    (no ring)
                                m - ring of wizardry

@: starving, not resistant to hostile enchantments, extremely unstealthy
A: retaliatory headbutt, horns 2
a: no special abilities


You were on level 3 of the Dungeon.
You were starving.

You visited 1 branch of the dungeon, and saw 3 of its levels.

You collected 125 gold pieces.

Inventory:

Hand weapons
 a - a +0 war axe (weapon)
Armour
 c - a +1 shield (worn)
 i - a +0 chain mail (worn)
 j - a +0 pair of gloves (worn)
Comestibles
 d - 2 bread rations
 l - 2 beef jerkies
 n - a rotting chunk of jackal flesh
Scrolls
 h - 3 scrolls of remove curse
 o - a scroll of identify {unknown}
 q - a scroll of enchant weapon {unknown}
Jewellery
 m - a ring of wizardry (left hand)
Potions
 b - a potion of confusion {unknown}
 e - a potion of might
 f - a potion of cancellation
 g - 3 potions of lignification {unknown}
 k - a potion of invisibility {unknown}
 p - a potion of poison {unknown}


   Skills:
 * Level 4.3 Fighting
 * Level 2.7 Axes
 * Level 4.0 Armour
 * Level 0.9 Dodging
 * Level 4.3 Shields
 * Level 0.6 Spellcasting


You had 3 spell levels left.
You didn't know any spells.

Dungeon Overview and Level Annotations

Branches:
Dungeon (3/15)

Altars:
Fedhas

Annotations:
D:3 Terence


Innate Abilities, Weirdness & Mutations

You reflexively headbutt those who attack you in melee.
You have a pair of horns on your head.


Message History

You hit Terence.
Terence is moderately wounded.
You closely miss the goblin.
You headbutt the goblin, but do no damage.
You miss something. Something hits you. Something shocks you.
* * * LOW HITPOINT WARNING * * *
The goblin hits you but does no damage. Terence hits you but does no damage.
Something hits you but does no damage.
Your shield and chain mail prevent you from hitting Terence.
Terence is moderately wounded.
Your shield and chain mail prevent you from hitting the goblin.
You headbutt the goblin.
You kill the goblin!
You hit something but do no damage. Terence hits you with a mace.
* * * LOW HITPOINT WARNING * * *
Something hits you but does no damage.
Drink which item? (? for menu, Esc to quit)
You feel magically purged.
It was a potion of cancellation.
Something hits you but does no damage. Terence hits you with a mace.
You die...

#.# #.# #+ #.# #.########.#
#..........# #.........# #
#........(#######.####
######.....(.[............#
................@%....>....#
#######.#####..#@#........#
#..# #..###........ ##.##
#..# #.%......
#######..###..# #........
..............# #.......
########..##..# #......
..........<#..# #.....
#########.##).# ###


You could see Terence.

Vanquished Creatures
  An adder (D:2)
  A worm (D:3)
  2 giant geckos
  2 ball pythons (D:1)
  6 bats
  5 giant cockroaches
  3 hobgoblins
  8 jackals (D:2)
  3 kobolds
  A quokka (D:3)
  3 giant newts
  7 goblins
  A rat (D:3)
43 creatures vanquished.

Notes
Turn   | Place    | Note
--------------------------------------------------------------
     0 | D:1      | Terandir, the Minotaur Fighter, began the quest for the Orb.
     0 | D:1      | Reached XP level 1. HP: 19/19 MP: 1/1
   224 | D:1      | Reached XP level 2. HP: 27/27 MP: 1/1
   446 | D:1      | Reached skill level 4 in Fighting
  1111 | D:2      | Reached XP level 3. HP: 30/33 MP: 2/2
  1155 | D:2      | Found a blossoming altar of Fedhas.
  1553 | D:3      | Noticed Terence
  1554 | D:3      | Noticed a sky beast
  1568 | D:3      | HP: 1/33 [Terence/mace (3)]
  1569 | D:3      | Slain by Terence

Action                   || total
-------------------------++-------
Melee: War axe           ||    84
  Use: Scroll            ||     3
       Potion            ||     1
